[Event "Titled Tuesday Blitz December 14 2021"]
[White "Ferreira, Vitor Hugo Vieira"]
[Black "Jobava, Baadur"]
[WhiteFideId "2119765"]
[BlackFideId "13601520"]
[WhiteElo "2216"]
[BlackElo "2689"]
[Result "0-1"]
[Round "01"]
[TimeControl "180+1"]
[Date "2021.12.14"]
[WhiteClock "0:01:51"]
[BlackClock "0:01:39"]

1. e4 e6 2. d4 d5 3. Nc3 dxe4 4. Nxe4 Bd7 5. Nf3 Bc6 6. Bd3 Nd7 7. Qe2 Ngf6 8. Bd2 Nxe4 9. Bxe4 Bxe4 10. Qxe4 c6 11. O-O-O Nf6 12. Qe2 a5 13. Kb1 a4 14. g4 Nxg4 15. Rhg1 Nf6 16. Ne5 a3 17. b3 Qxd4 18. Bc1 Qe4 19. Qd2 Qxe5 20. Rg5 Qc7 21. Qc3 Ne4 22. Qd4 Nxg5 23. Bxg5 f6 24. Bxf6 gxf6 25. Qxf6 Qg7 26. Qxe6+ Be7 27. Qd7+ Kf8 28. Rd4 Qf6 29. Qg4 Rg8 30. Qd1 Qxd4 31. Qxd4 Rg1+ 32. Qd1 Rxd1# 0-1


[Site "https://www.chess.com"]

[Event "Titled Tuesday Blitz December 14 2021"]
[White "Garagulya, Konstantin"]
[Black "Faizrakhmanov, Ramil"]
[WhiteFideId "4128931"]
[BlackFideId "24103209"]
[WhiteElo "2329"]
[BlackElo "2396"]
[Result "0-1"]
[Round "01"]
[TimeControl "180+1"]
[Date "2021.12.15"]
[WhiteClock "0:00:18"]
[BlackClock "0:00:36"]

1. d4 Nf6 2. Nf3 g6 3. Nc3 d5 4. Bf4 Bg7 5. e3 O-O 6. Nb5 Ne8 7. c4 c6 8. Nc3 Bg4 9. h3 Bxf3 10. Qxf3 e6 11. Bd3 Nd6 12. cxd5 exd5 13. O-O Re8 14. Rfc1 a5 15. Na4 Na6 16. a3 Ne4 17. Qd1 Qe7 18. Rab1 g5 19. Bh2 f5 20. Qe1 Nc7 21. Nb6 Rad8 22. Rc2 f4 23. Qxa5 Nxf2 24. Rxf2 Qxe3 25. Qd2 Qxd2 26. Rxd2 Bxd4+ 27. Kh1 Bxb6 28. h4 h6 29. Rf1 Ne6 30. g3 Be3 31. Re2 Nd4 32. Ree1 f3 33. Bg6 f2 34. Rd1 Re6 35. Bh5 Rf8 36. Kg2 Nb3 37. Bg4 Re7 38. Rd3 Nd2 39. Rxe3 Rxe3 40. Rxf2 Rxf2+ 41. Kxf2 Rb3 42. Be6+ Kg7 43. hxg5 Ne4+ 44. Ke1 Rxb2 45. Bg1 Rb1+ 0-1


[Site "https://www.chess.com"]

[Event "Titled Tuesday Blitz December 14 2021"]
[White "Grandelius, Nils"]
[Black "Glavina, Pablo"]
[WhiteFideId "1710400"]
[BlackFideId "100234"]
[WhiteElo "2617"]
[BlackElo "2369"]
[Result "0-1"]
[Round "01"]
[TimeControl "180+1"]
[Date "2021.12.15"]
[WhiteClock "0:00:11"]
[BlackClock "0:00:17"]

1. e4 c6 2. d4 d5 3. exd5 cxd5 4. Nf3 Nc6 5. Bb5 Nf6 6. Ne5 Qc7 7. Bf4 e6 8. c4 Bb4+ 9. Nc3 O-O 10. Nxc6 Qxf4 11. Nxb4 a6 12. Ba4 dxc4 13. Qd2 Qd6 14. a3 b5 15. Bd1 Bb7 16. O-O Rfd8 17. Nc2 e5 18. d5 Nxd5 19. Nxd5 Bxd5 20. Ne3 Qc5 21. Nxd5 Rxd5 22. Qa5 Rd4 23. Bc2 g6 24. Rae1 Kg7 25. Re2 Ra7 26. Rfe1 f6 27. g3 h5 28. Qc3 Rad7 29. Qe3 a5 30. Bb1 b4 31. axb4 axb4 32. Qc1 h4 33. Qc2 Rd3 34. Re3 h3 35. Rxd3 Rxd3 36. Qe2 Qd5 37. Qf1 Rd2 38. Qxh3 c3 39. bxc3 bxc3 40. Qc8 Qd4 41. Qb7+ Kh6 42. Qf3 f5 43. Rc1 Kg7 44. Kg2 Rb2 45. Bxf5 gxf5 46. Rxc3 Rxf2+ 47. Qxf2 Qxc3 48. Qxf5 Qd2+ 49. Qf2 Qd5+ 50. Kh3 e4 51. Qa7+ Kg6 52. Qb6+ Kg7 53. Qc7+ Kg6 54. Qf4 Qh5+ 55. Kg2 Qe2+ 56. Qf2 Qd3 57. Qb6+ Kg7 58. Qc7+ Kg8 59. Qc8+ Kg7 60. Qg4+ Kf8 61. Qf4+ Kg8 62. g4 Qe2+ 63. Kg3 Qe1+ 64. Qf2 Qc3+ 65. Kf4 Qf6+ 66. Ke3 Qb6+ 67. Ke2 Qb2+ 68. Kf1 Qc1+ 69. Kg2 e3 70. Qe2 Qc6+ 71. Kg3 Qe4 72. h4 Kh7 73. h5 Kh6 74. Qa6+ Kg7 75. Qe2 Kh6 76. Qf3 Qe5+ 77. Kh4 e2 78. g5+ Qxg5+ 79. Kh3 e1=Q 0-1


[Site "https://www.chess.com"]

[Event "Titled Tuesday Blitz December 14 2021"]
[White "Guliev, Logman"]
[Black "Babazada, Khazar"]
[WhiteFideId "13400061"]
[BlackFideId "13413554"]
[WhiteElo "2128"]
[BlackElo "2302"]
[Result "0-1"]
[Round "01"]
[TimeControl "180+1"]
[Date "2021.12.14"]
[WhiteClock "0:00:35"]
[BlackClock "0:00:46"]

1. e4 Nf6 2. e5 Nd5 3. d4 d6 4. Nf3 Nb6 5. exd6 cxd6 6. Be2 g6 7. O-O Bg7 8. c3 O-O 9. h3 Nc6 10. a4 a5 11. Na3 Bf5 12. Nb5 h6 13. d5 Nb8 14. Nfd4 Bd7 15. c4 Na6 16. Be3 Rc8 17. b3 Nc5 18. Rb1 Bxb5 19. Nxb5 Nbd7 20. Qc1 Kh7 21. Qd2 f5 22. Bd4 Bxd4 23. Nxd4 f4 24. Bg4 Ra8 25. Rfe1 Ne5 26. f3 Qb6 27. Kh2 Ncd3 28. Re4 h5 29. Be6 Rf6 30. Qe2 Nc5 31. Qc2 Raf8 32. Re2 Ncd3 33. Rd1 Qxd4 34. Rxe5 Qxe5 35. Qxd3 Kg7 36. Qd2 g5 37. Re1 Rxe6 38. dxe6 Qf5 39. Qc3+ Rf6 40. Rd1 g4 41. fxg4 hxg4 42. hxg4 Qxg4 43. Kg1 Qxd1+ 0-1


[Site "https://www.chess.com"]

[Event "Titled Tuesday Blitz December 14 2021"]
[White "Karas, Marek"]
[Black "Xiong, Jeffery"]
[WhiteFideId "14928558"]
[BlackFideId "2047640"]
[WhiteElo "2270"]
[BlackElo "2727"]
[Result "1-0"]
[Round "01"]
[TimeControl "180+1"]
[Date "2021.12.14"]
[WhiteClock "0:00:06"]
[BlackClock "0:00:18"]

1. d4 Nf6 2. Bf4 c5 3. e3 Qb6 4. Na3 d6 5. Nc4 Qc7 6. c3 Be6 7. Rc1 Nbd7 8. Nf3 h6 9. h3 g6 10. Be2 Bg7 11. O-O O-O 12. Bh2 Rfc8 13. a4 Nb6 14. Na3 cxd4 15. exd4 a6 16. Nd2 Qc6 17. a5 Nbd7 18. c4 d5 19. Bf3 Bf5 20. cxd5 Qxc1 21. Qxc1 Rxc1 22. Rxc1 Ne8 23. d6 Nxd6 24. Bxd6 exd6 25. Bxb7 Rb8 26. Rc8+ Rxc8 27. Bxc8 Bxd4 28. Nac4 d5 29. Nd6 Be6 30. Bxa6 Bxb2 31. Bb7 Bc3 32. Nb3 d4 33. a6 Bxb3 34. a7 Nb6 35. Nc8 Nc4 36. a8=Q Kg7 37. Ne7 Nb6 38. Qg8+ Kf6 39. Nc6 Nd5 40. Qd8+ Kg7 41. Nxd4 Nf4 42. Nf3 Bf6 43. Qd2 Ne6 44. Bd5 Bg5 45. Qd3 Bxd5 46. Qxd5 Bf6 47. Qe4 Nc5 48. Qf4 Ne6 49. Qe4 Nc5 50. Qc2 Ne6 51. Nd2 Nf4 52. Ne4 Be5 53. Qc5 Ba1 54. Kh2 g5 55. g3 Ng6 56. Qd6 Be5 57. Qd5 Bb2 58. Kg2 Ne7 59. Qc4 Be5 60. Qc5 Ng6 61. Nd6 Kf6 62. Ne4+ Kg7 63. Qd5 Kf8 64. Qd7 1-0


[Site "https://www.chess.com"]

[Event "Titled Tuesday Blitz December 14 2021"]
[White "Kashefi, Amir Hosein"]
[Black "Artemiev, Vladislav"]
[WhiteFideId "12557935"]
[BlackFideId "24101605"]
[WhiteElo "2098"]
[BlackElo "2830"]
[Result "0-1"]
[Round "01"]
[TimeControl "180+1"]
[Date "2021.12.14"]
[WhiteClock "0:00:01"]
[BlackClock "0:00:10"]

1. d4 Nf6 2. c4 g6 3. Nf3 Bg7 4. g3 d5 5. Bg2 O-O 6. O-O Nc6 7. b3 dxc4 8. bxc4 e5 9. dxe5 Ng4 10. Bb2 Qxd1 11. Rxd1 Ngxe5 12. Nxe5 Nxe5 13. Nd2 Re8 14. Bxe5 Rxe5 15. Rab1 Rxe2 16. Nf1 Be6 17. Rxb7 Rxa2 18. Rxc7 Rb8 19. c5 Be5 20. Rb7 Rxb7 21. Bxb7 a5 22. Bd5 Rc2 23. c6 Bxd5 24. Rxd5 Bc7 25. Ne3 Rxc6 26. Rd7 Kg7 27. Nd5 Be5 28. Ra7 Rc5 29. Ne3 Bd4 30. Kg2 Rb5 31. Ra6 h5 32. Kf3 Bc3 33. h4 Rb3 34. Ke2 Rb2+ 35. Kf3 Be1 36. Nd1 Rd2 37. Ne3 Rxf2+ 38. Ke4 Ra2 39. Nc4 Bxg3 40. Kd5 Bxh4 41. Ra7 Bg3 42. Nxa5 h4 43. Ra6 h3 44. Ke4 h2 0-1


[Site "https://www.chess.com"]

[Event "Titled Tuesday Blitz December 14 2021"]
[White "Kepeshchuk, Mykhaylo"]
[Black "Urazayev, Arystanbek"]
[WhiteFideId "14113139"]
[BlackFideId "13709810"]
[WhiteElo "2279"]
[BlackElo "2321"]
[Result "0-1"]
[Round "01"]
[TimeControl "180+1"]
[Date "2021.12.14"]
[WhiteClock "0:00:37"]
[BlackClock "0:02:33"]

1. Nf3 Nf6 2. g3 g6 3. Bg2 Bg7 4. O-O O-O 5. c4 d6 6. Nc3 c5 7. d3 Nc6 8. a3 a6 9. Rb1 Rb8 10. b4 cxb4 11. axb4 b5 12. cxb5 axb5 13. Be3 Bd7 14. h3 Qc8 15. Kh2 Nxb4 16. Rxb4 Qxc3 17. Qb1 Nd5 18. Rb3 Nxe3 19. Rxc3 Nxf1+ 20. Bxf1 Bxc3 21. Ng5 Bc6 22. Bg2 Bxg2 23. Kxg2 d5 24. e4 Bf6 25. Nf3 dxe4 26. dxe4 Bc3 27. Qb3 b4 28. e5 e6 29. h4 h5 30. Kh3 Rfc8 31. g4 hxg4+ 32. Kxg4 Rc5 33. h5 gxh5+ 34. Kxh5 Bxe5 35. Nxe5 Rxe5+ 36. Kh6 Rbb5 0-1


[Site "https://www.chess.com"]

[Event "Titled Tuesday Blitz December 14 2021"]
[White "Khegay, Dmitriy"]
[Black "Gheorghiu, Calin"]
[WhiteFideId "24153729"]
[BlackFideId "1200305"]
[WhiteElo "2457"]
[BlackElo "2213"]
[Result "1-0"]
[Round "01"]
[TimeControl "180+1"]
[Date "2021.12.15"]
[WhiteClock "0:00:04"]
[BlackClock "0:00:08"]

1. b3 d5 2. Bb2 Nf6 3. e3 Bf5 4. Nf3 h6 5. g3 e6 6. Bg2 Be7 7. O-O O-O 8. d3 c5 9. Nbd2 Nc6 10. Ne5 Nxe5 11. Bxe5 Nd7 12. Bb2 Bf6 13. Qc1 Rc8 14. e4 dxe4 15. Nxe4 Bxb2 16. Qxb2 Nb6 17. Nd2 Rc7 18. Rfe1 Qd4 19. Qc1 Rd8 20. a4 Nd5 21. a5 Nc3 22. Nf3 Qd6 23. Ne5 f6 24. Nc4 Qd4 25. Qe3 e5 26. Qxd4 cxd4 27. f4 exf4 28. gxf4 Nd5 29. Bxd5+ Rxd5 30. Re8+ Kh7 31. Ra8 a6 32. Re1 Bg6 33. Kf2 Rh5 34. Kg3 Bf7 35. Re4 Bxc4 36. bxc4 Rd7 37. Ree8 Rxa5 38. Kf3 Kg6 39. Red8 Rxd8 40. Rxd8 Ra2 41. Rxd4 Rxc2 42. Rd7 Rb2 43. Ke4 a5 44. f5+ Kh7 45. d4 a4 46. Rd8 a3 47. Ra8 a2 48. d5 Rxh2 49. c5 h5 50. Kd3 h4 51. d6 h3 52. d7 Rh1 53. Kc2 Rd1 54. Kxd1 h2 55. d8=Q h1=Q+ 56. Kc2 Qb1+ 57. Kc3 a1=Q+ 58. Rxa1 Qxa1+ 59. Kc4 Qa6+ 60. Kc3 Qa3+ 61. Kc4 Qa2+ 62. Kb4 Qb2+ 63. Kc4 Qc2+ 64. Kb4 Qxf5 65. Qc7 Qe4+ 66. Kb5 f5 67. Qf7 Qc6+ 68. Kb4 Qe4+ 69. Kb5 Qd3+ 70. Kb6 Qb1+ 71. Kc7 Qe4 72. Qh5+ Kg8 73. Kd6 f4 74. Qg4 f3 75. Qxe4 f2 76. Qd5+ Kh8 77. Qf3 1-0


[Site "https://www.chess.com"]

[Event "Titled Tuesday Blitz December 14 2021"]
[White "Korkmaz, Necmettin"]
[Black "Terry, Renato"]
[WhiteFideId "6303285"]
[BlackFideId "3803457"]
[WhiteElo "2094"]
[BlackElo "2577"]
[Result "0-1"]
[Round "01"]
[TimeControl "180+1"]
[Date "2021.12.14"]
[WhiteClock "0:01:42"]
[BlackClock "0:00:46"]

1. e4 e6 2. d4 d5 3. e5 c5 4. c3 Qb6 5. Nf3 Bd7 6. a3 Bb5 7. c4 Bxc4 8. Bxc4 dxc4 9. Nbd2 cxd4 10. Nxc4 Qc5 11. Qxd4 Nc6 12. Qe4 Qd5 13. Qe2 O-O-O 14. O-O Qd3 15. Qxd3 Rxd3 16. Be3 Nh6 17. Bxh6 gxh6 18. Rfd1 Rxd1+ 19. Rxd1 Be7 20. Nd6+ Bxd6 21. Rxd6 Kc7 22. Rd3 Rg8 23. Kf1 Rg4 24. g3 Re4 25. Re3 Rxe3 26. fxe3 Kb6 27. Ke2 Kc5 28. e4 Nd4+ 29. Ke3 Nxf3 30. Kxf3 Kd4 31. Kf4 b5 32. b4 Kc4 33. Kg4 Kb3 34. Kh5 Kxa3 35. Kxh6 Kxb4 36. Kg7 a5 37. Kxf7 a4 38. Kxe6 a3 39. Kd7 a2 40. e6 a1=Q 41. e7 Qd4+ 42. Ke8 Qxe4 43. Kf7 Qg6+ 44. Kf8 Qf6+ 0-1


[Site "https://www.chess.com"]

[Event "Titled Tuesday Blitz December 14 2021"]
[White "Le Goff, Ronan"]
[Black "Pranav, V"]
[WhiteFideId "612073"]
[BlackFideId "25060783"]
[WhiteElo "2276"]
[BlackElo "2351"]
[Result "0-1"]
[Round "01"]
[TimeControl "180+1"]
[Date "2021.12.14"]
[WhiteClock "0:00:05"]
[BlackClock "0:00:54"]

1. d4 Nf6 2. c4 e6 3. Nc3 Bb4 4. Nf3 O-O 5. Bg5 h6 6. Bh4 d5 7. e3 b6 8. cxd5 exd5 9. Rc1 Bb7 10. Bd3 Nbd7 11. O-O a6 12. Ne5 Be7 13. f4 c5 14. Qf3 Re8 15. Kh1 Nf8 16. f5 cxd4 17. exd4 b5 18. Rce1 Qb6 19. Ne2 Ne4 20. Bxe7 Rxe7 21. Qg4 Nh7 22. Bxe4 dxe4 23. Rd1 Nf6 24. Qh4 e3 25. Ng4 Nxg4 26. Qxg4 Qf6 27. d5 Rd8 28. Nf4 Qg5 29. Qf3 Qxf5 30. d6 Bxf3 31. dxe7 Re8 32. Rd8 Bc6 0-1


[Site "https://www.chess.com"]

[Event "Titled Tuesday Blitz December 14 2021"]
[White "Ljukin, Sergei"]
[Black "Rustemov, Alexander"]
[WhiteFideId "14102200"]
[BlackFideId "4119002"]
[WhiteElo "2311"]
[BlackElo "2863"]
[Result "0-1"]
[Round "01"]
[TimeControl "180+1"]
[Date "2021.12.14"]
[WhiteClock "0:00:09"]
[BlackClock "0:01:38"]

1. e4 e6 2. d4 d5 3. Nc3 Bb4 4. e5 c5 5. a3 Bxc3+ 6. bxc3 Ne7 7. h4 Qc7 8. Nf3 h6 9. Rb1 b6 10. h5 Ba6 11. Bxa6 Nxa6 12. g4 Rc8 13. Qe2 Nb8 14. Rh3 Nd7 15. dxc5 Nxc5 16. Nd4 a6 17. f4 b5 18. Bd2 Ne4 19. Re3 Nc6 20. Nxc6 Qxc6 21. f5 Qc7 22. Rxe4 dxe4 23. Qxe4 Qc4 24. Qe2 Qxe2+ 25. Kxe2 Rc4 26. Kf3 O-O 27. f6 Rd8 0-1


[Site "https://www.chess.com"]

[Event "Titled Tuesday Blitz December 14 2021"]
[White "Lopez Del Alamo, Antonio"]
[Black "Petesch, Gabriel"]
[WhiteFideId "2227339"]
[BlackFideId "2032465"]
[WhiteElo "2082"]
[BlackElo "2374"]
[Result "0-1"]
[Round "01"]
[TimeControl "180+1"]
[Date "2021.12.15"]
[WhiteClock "0:00:10"]
[BlackClock "0:00:06"]

1. e4 d5 2. exd5 Nf6 3. d4 Nxd5 4. c4 Nb6 5. Nc3 g6 6. Be3 Bg7 7. Rc1 O-O 8. Be2 Nc6 9. d5 Ne5 10. b3 c6 11. dxc6 Nxc6 12. Qxd8 Rxd8 13. Nf3 Bf5 14. O-O Nb4 15. a3 Bxc3 16. axb4 Bxb4 17. Nd4 Bd7 18. Bf3 e5 19. Nb5 Bxb5 20. cxb5 Nd5 21. Bxd5 Rxd5 22. Rc7 Rxb5 23. Rfc1 Kg7 24. Rd7 Ba5 25. f4 Rxb3 26. Bf2 exf4 27. Bd4+ Kg8 28. Bf6 h6 29. h4 Rb6 30. Be5 Re6 31. Bxf4 Kg7 32. Rxb7 Bb6+ 33. Kh2 Rae8 34. Bg3 g5 35. Rd1 gxh4 36. Bxh4 Rf8 37. Rdd7 Kg8 38. Be1 Rxe1 39. Rd3 Re6 40. Rg3+ Rg6 41. Rh3 Rg7 42. Rd3 Rg6 43. Rdd7 h5 44. Kh3 Rg7 45. Kh4 Rg6 46. Kxh5 Rg7 47. g4 Rh7+ 48. Kg5 Rg7+ 49. Kh5 Be3 50. Kh4 Bf4 51. Kh3 Rh7+ 52. Kg2 Be3 53. Kf3 Bb6 54. Ke4 Rg7 55. Kf5 Rg6 56. g5 Rg7 57. Rd6 Rh7 58. Rdd7 Rg7 59. Kf4 Rg6 60. Kf5 Rc6 61. Kg4 Rg6 62. Kh5 Rg7 63. Kh4 Be3 64. Rd5 Bb6 65. Kh5 Rh7+ 66. Kg4 Rg7 67. Rdd7 f5+ 68. Kf4 Rxd7 69. Rxd7 Bc5 70. g6 Bb6 71. Kg5 Be3+ 72. Kh5 Bc1 73. Rc7 Be3 74. Re7 Bb6 75. Kh6 Bd4 76. Rd7 Bf6 77. Rxa7 Be5 78. Ra5 Bg7+ 79. Kg5 f4 80. Ra2 f3 81. Rf2 Bd4 82. Rf1 f2 83. Kg4 Bc3 84. Kg3 Be1 85. Kg4 Kg7 86. Kg5 Rf6 87. Kh5 Rxg6 88. Kh4 Rg1 0-1


[Site "https://www.chess.com"]

[Event "Titled Tuesday Blitz December 14 2021"]
[White "Majdan, Joanna"]
[Black "Shubin, Kirill"]
[WhiteFideId "1121979"]
[BlackFideId "34119962"]
[WhiteElo "2270"]
[BlackElo "2501"]
[Result "0-1"]
[Round "01"]
[TimeControl "180+1"]
[Date "2021.12.15"]
[WhiteClock "0:00:01"]
[BlackClock "0:00:12"]

1. e4 e6 2. d4 d5 3. Nc3 Bb4 4. Ne2 Nc6 5. e5 f6 6. f4 Nh6 7. a3 Ba5 8. b4 Bb6 9. Be3 fxe5 10. fxe5 Nf5 11. Bf2 Ncxd4 12. Nxd4 Nxd4 13. Bd3 O-O 14. O-O Rxf2 15. Rxf2 Nf5 16. Bxf5 Bxf2+ 17. Kxf2 Qf8 18. Qd3 g6 19. g4 c6 20. Kg1 gxf5 21. gxf5 exf5 22. Kh1 Be6 23. Ne2 Qh6 24. Nd4 Kh8 25. Rf1 f4 26. Nxe6 Qxe6 27. Qd4 Re8 28. Rxf4 Qxe5 29. Rf8+ Kg7 30. Qxe5+ Rxe5 31. Ra8 a6 32. Rb8 Re7 33. Kg2 Kf6 34. Kf3 Ke5 35. Ke3 Kd6+ 36. Kd3 Kc7 37. Rh8 Kb6 38. Rg8 Kb5 39. Kc3 b6 40. Rh8 Re3+ 41. Kb2 Rh3 42. Rg8 Rxh2 43. Kb3 Rh3+ 44. c3 c5 45. a4+ Kc6 46. bxc5 bxc5 47. Rc8+ Kb6 48. Rb8+ Kc7 49. Rg8 d4 50. Kc4 Rxc3+ 51. Kd5 d3 52. a5 d2 0-1


[Site "https://www.chess.com"]

[Event "Titled Tuesday Blitz December 14 2021"]
[White "Maksimovic, Bojan"]
[Black "Ogloblin, Nikolay"]
[WhiteFideId "14408120"]
[BlackFideId "4139658"]
[WhiteElo "2458"]
[BlackElo "2272"]
[Result "1/2-1/2"]
[Round "01"]
[TimeControl "180+1"]
[Date "2021.12.15"]
[WhiteClock "0:00:04"]
[BlackClock "0:00:20"]

1. Nf3 c5 2. g3 Nf6 3. Bg2 b5 4. Ne5 d5 5. b3 Bb7 6. c4 b4 7. O-O e6 8. d4 Bd6 9. Bb2 O-O 10. dxc5 Bxc5 11. Nd2 Nbd7 12. Nxd7 Qxd7 13. Rc1 Rac8 14. Bxf6 gxf6 15. cxd5 Bxd5 16. Bxd5 Qxd5 17. Nc4 Rfd8 18. Qxd5 Rxd5 19. Rfd1 Bd4 20. e3 Bc3 21. Rxd5 exd5 22. Nd6 Rc6 23. Nf5 Ra6 24. Ne7+ Kf8 25. Nxd5 Rxa2 26. Nxc3 bxc3 27. Rxc3 Rb2 28. Rc7 Rxb3 29. Rxa7 Kg7 30. Ra5 Kg6 31. g4 Rb4 32. h3 Rb1+ 33. Kg2 Rc1 34. Kg3 h6 35. h4 Rg1+ 36. Kf4 Rh1 37. h5+ Kg7 38. Kf5 Rc1 39. f4 Rc3 40. e4 Rc4 41. Rd5 Rb4 42. e5 fxe5 43. Rxe5 Ra4 44. g5 Ra6 45. Rb5 Rc6 46. Kg4 Ra6 47. Re5 Rb6 48. Re7 hxg5 49. fxg5 Rb4+ 50. Kf5 Rb5+ 51. Re5 Rb1 52. h6+ Kh7 53. Kf6 Rf1+ 54. Rf5 Ra1 55. Kxf7 Ra7+ 56. Ke6 Kg6 57. Re5 Ra1 58. Kd5 Rd1+ 59. Ke4 Re1+ 60. Kf4 Rf1+ 61. Kg3 Rg1+ 62. Kf2 Rg4 63. Kf3 Ra4 64. Re8 Ra3+ 65. Ke2 Ra7 66. Rg8+ Kh7 67. Rd8 Kg6 68. Rd5 Ra3 69. Re5 Rb3 70. Re8 Rb7 71. Re5 Rb3 72. Kd2 Ra3 73. Kc2 Rh3 74. Kd2 Ra3 75. Re3 Ra7 76. Rg3 Ra4 77. Ke1 Ra2 78. Kf1 Rb2 79. Kg1 Ra2 80. Rg2 Ra4 81. Kh2 Ra3 82. Rg3 Ra1 83. Kh3 Ra4 84. Rg4 Ra1 85. Kh4 Rh1+ 86. Kg3 Rg1+ 87. Kf3 Rf1+ 88. Ke2 Ra1 89. Rh4 Ra7 90. Rh1 Rf7 91. Ke3 Ra7 92. Ke4 Ra4+ 93. Kd5 Ra5+ 94. Ke6 Ra6+ 95. Kd7 Ra7+ 96. Kc6 Rh7 97. Rg1 Rf7 98. Kd6 Rf2 99. Ke5 Re2+ 100. Kf4 Rf2+ 101. Ke3 Ra2 102. Rh1 Ra7 103. Kf4 Rf7+ 104. Kg4 Ra7 105. Rf1 1/2-1/2


[Site "https://www.chess.com"]

[Event "Titled Tuesday Blitz December 14 2021"]
[White "Martinez Alcantara, Jose Eduardo"]
[Black "Devaev, Alexander"]
[WhiteFideId "3805662"]
[BlackFideId "4169395"]
[WhiteElo "2690"]
[BlackElo "2185"]
[Result "1-0"]
[Round "01"]
[TimeControl "180+1"]
[Date "2021.12.14"]
[WhiteClock "0:00:51"]
[BlackClock "0:00:08"]

1. e4 c6 2. d4 d5 3. e5 Bf5 4. h4 Qb6 5. Nc3 h6 6. h5 e6 7. g4 Bh7 8. f4 c5 9. Nf3 Nc6 10. dxc5 Bxc5 11. Na4 Qa5+ 12. c3 Rc8 13. Nxc5 Qxc5 14. Be2 Nge7 15. Bd2 d4 16. cxd4 Nxd4 17. Qa4+ Nec6 18. Rc1 Nc2+ 19. Kf1 Ne3+ 20. Kg1 Bc2 21. Qb5 Qd5 22. Bxe3 Qe4 23. Kf2 O-O 24. Qc4 Nxe5 25. Qxe4 Nxg4+ 26. Kg3 Bxe4 27. Kxg4 f5+ 28. Kg3 1-0


[Site "https://www.chess.com"]

[Event "Titled Tuesday Blitz December 14 2021"]
[White "Mickiewicz, Piotr"]
[Black "Sviridov, Valery"]
[WhiteFideId "1114891"]
[BlackFideId "4120680"]
[WhiteElo "2266"]
[BlackElo "2454"]
[Result "0-1"]
[Round "01"]
[TimeControl "180+1"]
[Date "2021.12.14"]
[WhiteClock "0:00:05"]
[BlackClock "0:01:42"]

1. e4 e5 2. Nf3 Nc6 3. Bb5 Nge7 4. c3 g6 5. d4 exd4 6. cxd4 Bg7 7. d5 Na5 8. O-O O-O 9. Nc3 a6 10. Be2 d6 11. Be3 c5 12. Qd2 b5 13. Bh6 b4 14. Nd1 f5 15. Bxg7 Kxg7 16. Ne3 h6 17. exf5 Nxf5 18. Nc4 Nxc4 19. Bxc4 Qf6 20. Rae1 Bd7 21. Re4 g5 22. Rfe1 a5 23. h3 Rae8 24. Nh2 Rxe4 25. Rxe4 Nd4 26. f3 Bf5 27. Ng4 Bxg4 28. hxg4 a4 29. Kh2 Ra8 30. Qe3 a3 31. Re7+ Kf8 32. Re4 axb2 33. Bd3 Ra7 34. f4 Re7 35. fxg5 hxg5 36. Rxe7 Qxe7 37. Qf2+ Kg7 38. Qxb2 Qe5+ 39. g3 Nf3+ 40. Kg2 Qxb2+ 0-1


[Site "https://www.chess.com"]

[Event "Titled Tuesday Blitz December 14 2021"]
[White "Mirzoev, Azer"]
[Black "Toolin, Christopher"]
[WhiteFideId "13400304"]
[BlackFideId "2024543"]
[WhiteElo "2525"]
[BlackElo "2401"]
[Result "1/2-1/2"]
[Round "01"]
[TimeControl "180+1"]
[Date "2021.12.15"]
[WhiteClock "0:00:09"]
[BlackClock "0:00:06"]

1. c4 c5 2. Nc3 b6 3. g3 Bb7 4. Nf3 e6 5. Bg2 Nf6 6. O-O Be7 7. d4 d6 8. d5 exd5 9. Nh4 O-O 10. Nf5 Re8 11. Nxd5 Nxd5 12. Bxd5 Qd7 13. Bf4 Bxd5 14. Qxd5 Nc6 15. Rfd1 Bf6 16. Nxd6 Rxe2 17. Qf3 Rxb2 18. Ne4 Bd4 19. Rab1 Rxa2 20. Rd2 Rxd2 21. Nxd2 Re8 22. Kg2 Qe6 23. h4 h6 24. h5 Nb4 25. Nb3 Qe4 26. Nxd4 Qxb1 27. Nb5 Qe4 28. Nxa7 Nd3 29. Qxe4 Rxe4 30. Bc7 Rxc4 31. Bxb6 Rc2 32. Kf3 Nxf2 33. Nc6 Nd3 34. Ke4 Nb4 35. Ne7+ Kf8 36. Nf5 Nc6 37. Bc7 g6 38. hxg6 fxg6 39. Nxh6 Kg7 40. Ng4 Rd2 41. Ne3 Rd4+ 42. Kf3 c4 43. Bb6 Rd3 44. Ke4 Rd7 45. Nxc4 Re7+ 46. Kf4 Nb4 47. Kf3 Nd5 48. Bd4+ Kh7 49. Ne5 Nf6 50. Nd3 Nh5 51. g4 Ng7 52. Bf6 Rd7 53. Ne5 Ra7 54. g5 Ra3+ 55. Ke4 Ra4+ 56. Kd5 Ra5+ 57. Ke4 Ne6 58. Nf7 Kg8 59. Ne5 Nc5+ 60. Kf3 Ra3+ 61. Kf4 Ra4+ 62. Kf3 Ra7 63. Nxg6 Nd7 64. Ne7+ Kf7 65. Nd5 Nxf6 66. Nxf6 Ra3+ 67. Kf4 Ra4+ 68. Ne4 Kg6 69. Ke5 Ra5+ 70. Kf4 Rf5+ 71. Kg4 Re5 72. Kf4 Ra5 73. Kg4 Ra1 74. Kf4 Rg1 75. Ke5 Re1 76. Kd5 Rd1+ 77. Ke5 Re1 78. Kf4 Ra1 79. Kg4 Ra4 80. Kf4 Kh5 81. Kf5 Ra5+ 82. Kf4 Kg6 83. Kg4 Ra4 84. Kf4 Ra1 85. Kg4 Ra4 1/2-1/2


[Site "https://www.chess.com"]

[Event "Titled Tuesday Blitz December 14 2021"]
[White "Moskalenko, Alexander"]
[Black "Ronka, Erik"]
[WhiteFideId "4155351"]
[BlackFideId "505080"]
[WhiteElo "2515"]
[BlackElo "2264"]
[Result "0-1"]
[Round "01"]
[TimeControl "180+1"]
[Date "2021.12.14"]
[WhiteClock "0:00:08"]
[BlackClock "0:00:06"]

1. d4 Nf6 2. Bg5 e6 3. e4 h6 4. Bxf6 Qxf6 5. c3 Qd8 6. Bd3 b6 7. Nd2 Be7 8. f4 Bb7 9. Ne2 c5 10. O-O O-O 11. Qe1 cxd4 12. cxd4 Nc6 13. a3 Rc8 14. Qg3 Kh8 15. Rad1 Nb8 16. Nf3 Ba6 17. f5 Bxd3 18. Rxd3 Qc7 19. Nf4 exf5 20. e5 Qc2 21. Qh3 Qxb2 22. Qxf5 Rc2 23. Kh1 Rc1 24. Rdd1 Rxd1 25. Rxd1 Qxa3 26. d5 Qb3 27. Rb1 Qe3 28. Re1 Qc3 29. Rd1 Kg8 30. h4 Rc8 31. d6 Bf8 32. Nd5 Qc2 33. Qxc2 Rxc2 34. Nd4 Rc5 35. Nf5 Nc6 36. Nfe7+ Kh7 37. Nxc6 Rxc6 38. Rf1 Kg8 39. h5 Rc5 40. Rd1 b5 41. g4 a5 42. Kg2 b4 43. Ne7+ Bxe7 44. dxe7 Rxe5 45. Rxd7 f6 0-1


[Site "https://www.chess.com"]

[Event "Titled Tuesday Blitz December 14 2021"]
[White "Najdin, Danil"]
[Black "Sarana, Alexey"]
[WhiteFideId "4172426"]
[BlackFideId "24133795"]
[WhiteElo "2240"]
[BlackElo "2672"]
[Result "1-0"]
[Round "01"]
[TimeControl "180+1"]
[Date "2021.12.14"]
[WhiteClock "0:00:47"]
[BlackClock "0:01:02"]

1. e4 c5 2. Nf3 d6 3. d4 cxd4 4. Nxd4 Nf6 5. Nc3 a6 6. Bc4 e6 7. Bb3 Nbd7 8. Bg5 Nc5 9. Qe2 h6 10. Bh4 Be7 11. O-O-O Qc7 12. f4 b5 13. e5 dxe5 14. fxe5 Nh7 15. Bxe7 Qxe7 16. Nc6 Qg5+ 17. Kb1 O-O 18. h4 Qf4 19. Rd4 Qg3 20. Rh3 Qxh3 21. gxh3 Bb7 22. Na5 Rfc8 23. Nxb7 Nxb7 24. Ne4 Rc7 25. Qd3 Nf8 26. a3 Ng6 27. Qg3 Ne7 28. Nd6 Rd8 29. Rg4 g6 30. h5 Kg7 31. hxg6 fxg6 32. Bxe6 Rc6 33. Nf5+ Nxf5 34. Bxf5 g5 35. h4 Rf8 36. Be4 1-0


[Site "https://www.chess.com"]

[Event "Titled Tuesday Blitz December 14 2021"]
[White "Nakamura, Hikaru"]
[Black "Brunner, Nicolas"]
[WhiteFideId "2016192"]
[BlackFideId "620246"]
[WhiteElo "2884"]
[BlackElo "2372"]
[Result "1-0"]
[Round "01"]
[TimeControl "180+1"]
[Date "2021.12.14"]
[WhiteClock "0:01:44"]
[BlackClock "0:00:35"]

1. Nf3 c5 2. b3 Nc6 3. Bb2 Nf6 4. e3 g6 5. Bxf6 exf6 6. c3 Bg7 7. d4 d6 8. g3 O-O 9. Bg2 f5 10. O-O Qc7 11. Na3 a6 12. Qd2 Rb8 13. b4 b6 14. Rfd1 Rd8 15. Ne1 Bb7 16. Nd3 Ne7 17. Bxb7 Rxb7 18. Rab1 c4 19. Nf4 b5 20. Nc2 d5 21. a4 Bh6 22. axb5 axb5 23. Ra1 Nc8 24. Ra6 Bxf4 25. exf4 Nd6 26. Rda1 Ne4 27. Qe1 Kg7 28. f3 Nf6 29. Qe5 Qe7 30. Rc6 Rdd7 31. Raa6 Qxe5 32. dxe5 Ne8 33. Nd4 Nc7 34. Ra5 Kf8 35. Kf2 Ke7 36. Ke3 Rd8 37. Rc5 Kd7 38. Nxb5 Nxb5 39. Rcxb5 Rxb5 40. Rxb5 Ke6 41. Kd4 Ra8 42. Rxd5 Ra2 43. Kxc4 Rxh2 44. b5 Rb2 45. Rd6+ Ke7 46. Kc5 1-0


[Site "https://www.chess.com"]